 Dungeon Crawl Stone Soup version 0.29-a0-221-gceb61267dd (webtiles) character file.

Game seed: 17703825289702375652

49 cyrus the Skirmisher (level 3, -8/34 HPs)
             Began as a Hill Orc Fighter on Feb 27, 2022.
             Was an Initiate of Gozag.
             Mangled by a gnoll
             ... wielding a +0 halberd
              (14 damage)
             ... on level 2 of the Dungeon.
             The game lasted 00:02:11 (829 turns).

cyrus the Skirmisher (Hill Orc Fighter)              Turns: 829, Time: 00:02:12

Health: -8/34      AC:  7    Str: 18    XL:     3   Next: 75%
Magic:  3/3        EV:  9    Int: 10    God:    Gozag
Gold:   29         SH:  4    Dex: 10    Spells: 2/2 levels left

rFire   . . .      SeeInvis .   a - +0 war axe
rCold   . . .      Faith    .   c - +0 buckler
rNeg    . . .      Spirit   .   b - +0 scale mail
rPois   .          Reflect  .   (no helmet)
rElec   .          Harm     .   (no cloak)
rCorr   .          Rampage  .   (no gloves)
Will    .....                   (no boots)
Stlth   ..........              (no amulet)
HPRegen 0.11/turn               (no ring)
MPRegen 0.08/turn               (no ring)

@: mighty, gold aura
A: no striking features
a: Renounce Religion, Potion Petition, Call Merchant, Bribe Branch


You were on level 2 of the Dungeon.
You worshipped Gozag.
Gozag was noncommittal.
You visited 1 branch of the dungeon, and saw 2 of its levels.

You collected 29 gold pieces.

Inventory:

Hand Weapons
 a - a +0 war axe (weapon)
Armour
 b - a +0 scale mail (worn)
 c - a +0 buckler (worn)
Scrolls
 f - 2 scrolls of noise {unknown}
 g - a scroll of identify {unknown}
 h - a scroll of enchant armour {unknown}
Potions
 e - a potion of curing {unknown}
 i - a potion of attraction {unknown}


   Skills:
 + Level 4.3 Fighting
 + Level 3.2 Axes
 + Level 4.0 Armour
 + Level 3.5 Shields


You had 2 spell levels left.
You didn't know any spells.
Your spell library was empty.

Dungeon Overview and Level Annotations

Branches:
Dungeon (2/15)

Altars:
Gozag

Shops:
D:1 !


Message History

You block the gnoll's attack. x2; The gnoll closely misses you. x2
The quokka closely misses you.
You slice the gnoll!!
You kill the gnoll!
You slash the quokka!
You kill the quokka!
The gnoll barely misses you. You block the gnoll's attack.
Your Fighting skill increases to level 4!
Unknown command.
You closely miss the rat.
The gnoll is distracted by your dazzling golden aura.
The gnoll hits you from afar with a +0 spear.
* * * LOW HITPOINT WARNING * * *
The rat bites you but does no damage.
The gnoll is distracted by your dazzling golden aura.
The gnoll shouts! x2
You slash the rat!
You kill the rat!
The gnoll is no longer distracted by gold.
The gnoll completely misses you.
Unknown command.
Things that are here:
23 gold pieces; a +0 flail; a +0 halberd You slash the gnoll!
You kill the gnoll!
The gnoll closely misses you.
The gnoll is distracted by your dazzling golden aura.
Things that are here:
7 gold pieces; a +0 spear
Found a runed helmet.
The gnoll is no longer distracted by gold.
Things that are here:
7 gold pieces; a +0 spear
Things that are here:
23 gold pieces; a +0 flail; a +0 halberd You closely miss the gnoll.
The gnoll hits you with a +0 halberd.
* * * LOW HITPOINT WARNING * * *
The gnoll hits you with a +0 halberd!
You die...
Your body crumbles into a pile of gold.

.... .. #..#
#...##.#.#
#.)###........#
#.............##
..............[.
#.............#
#.............##
#######<####..........
.........$g@$.........
#..##..#####.#..######
#.. #.###.# #.. ## .#
#.. .# ... .# ##.# .#
#. .#


You could see a gnoll.

Vanquished Creatures
  3 gnolls (D:2)
  3 endoplasms
  A giant cockroach (D:1)
  A goblin (D:1)
  A hobgoblin (D:1)
  5 kobolds (D:1)
  2 quokkas
  4 rats
20 creatures vanquished.

Notes
Turn   | Place    | Note
-------+----------+-------------------------------------------
     0 | D:1      | cyrus the Hill Orc Fighter began the quest for the Orb.
     0 | D:1      | Reached XP level 1. HP: 19/19 MP: 1/1
   184 | D:1      | Reached XP level 2. HP: 27/27 MP: 2/2
   482 | D:1      | Found Imicanos's Distillery.
   527 | D:1      | Found a faded altar of an unknown god.
   541 | D:1      | Prayed at the altar of an unknown god.
   541 | D:1      | Became a worshipper of Gozag Ym Sagoz the Greedy
   813 | D:2      | Reached XP level 3. HP: 20/33 MP: 3/3
   829 | D:2      | Mangled by a gnoll

Illustrated notes

Levels and vault maps discovered:
D:1:      dpeg_arrival_simpleton_c, layout_loops_ring, serial_shops,
          nicolae_shop_advertising_works [nicolae_subvault_shop_adworks],
          basic_ecumenical_altar
D:2:      cheibrodos_fertilizer, layout_loops_ring, basic_altar, uniq_natasha,
          uniq_sigmund

Skill      XL: |  1  2  3 |
---------------+----------+-----
Axes           | 3 |  3.2
Armour         | 4 |  4.0
Fighting       | 4 |  4.3
Shields        | |  3.5

Action                   || total
-------------------------++-------
Melee: War axe           ||    38
  Use: Potion            ||     1
Armor: Scale mail        ||    17
Dodge: Dodged            ||    30
Block: Buckler           ||     7

Table legend: (Time is in decaauts)
 A = Elapsed time spent in this place.
 B = Non-inter-level travel time spent in this place.
 C = Inter-level travel time spent in this place.
 D = Time resting spent in this place.
 E = Time spent auto-exploring this place.
 F = Levels seen in this place.
 G = Mean time per level.
                   A        B        C        D        E       F      G
               +--------+--------+--------+--------+--------+-----+--------+
         Total |    843 |    825 |     18 |      0 |    657 |   2 |  421.5 |
       Dungeon |    843 |    825 |     18 |      0 |    657 |   2 |  421.5 |
               +--------+--------+--------+--------+--------+-----+--------+

Top non-repeatable levels by time:
     D:1: 817 daAuts
     D:2: 25 daAuts
